 Dungeon Crawl Stone Soup version 0.29.0-4-gdea44cf6ec (webtiles) character file.

Game seed: 9253245855446331718

11 themarg the Sneak (level 2, 0/13 HPs)
             Began as a Spriggan Enchanter on Aug 26, 2022.
             Slain by a quokka (2 damage)
             ... on level 1 of the Dungeon.
             The game lasted 00:05:44 (690 turns).

themarg the Sneak (Spriggan Enchanter)               Turns: 690, Time: 00:05:45

Health: 0/13       AC:  2    Str:  4    XL:     2   Next: 17%
Magic:  6/6        EV: 17    Int: 16    God:
Gold:   10         SH:  0    Dex: 15    Spells: 6/6 levels left

rFire   . . .      SeeInvis +   a - +1 dagger
rCold   . . .      Faith    .   (no shield)
rNeg    . . .      Spirit   .   b - +0 robe
rPois   .          Reflect  .   (helmet restricted)
rElec   .          Harm     .   (no cloak)
rCorr   .          Rampage  .   (gloves unavailable)
Will    .....                   (boots unavailable)
Stlth   +++.......              d - amulet of the acrobat
HPRegen 0.04/turn               (no ring)
MPRegen 0.10/turn               (no ring)

@: very quick
A: very small, no large weapons, unfitting armour, see invisible, speed 3
a: no special abilities


You were on level 1 of the Dungeon.
You visited 1 branch of the dungeon, and saw 2 of its levels.

You collected 10 gold pieces.

Inventory:

Hand Weapons
 a - a +1 dagger (weapon)
Missiles
 g - 11 stones (quivered)
Armour
 b - a +0 robe (worn)
Jewellery
 d - an amulet of the acrobat (around neck)
Scrolls
 e - a scroll of identify {unknown}
 f - a scroll of silence {unknown}
 i - a scroll of poison {unknown}
Potions
 c - a potion of invisibility
 h - a potion of cancellation {unknown}


   Skills:
 + Level 1.5 Short Blades
 + Level 3.1 Dodging
 + Level 4.7 Stealth
 - Level 2.6 Spellcasting
 + Level 3.8 Hexes


You had 6 spell levels left.
You didn't know any spells.
Your spell library contained the following spells:

 Spells                   Type           Power      Damage    Failure   Level
 Confusing Touch          Hex            14%        N/A       12%         3
 Tukima's Dance           Hex            14%        N/A       12%         3
 Ensorcelled Hibernation  Hex/Ice        16%        N/A       13%         2
 Dazzling Flash           Conj/Hex       16%        N/A       26%         3


Dungeon Overview and Level Annotations

Branches:
Dungeon (2/15)

Altars:


Innate Abilities, Weirdness & Mutations

You are very small and have problems with some larger weapons.
You are too small for most types of armour.
You have supernaturally acute eyesight. (SInv)
You cover ground extremely quickly. (Speed+++)


Message History

You hit the hobgoblin but do no damage. The hobgoblin closely misses you.
You completely miss the hobgoblin. The hobgoblin closely misses you.
You hit the hobgoblin.
The hobgoblin is heavily wounded.
You hit the hobgoblin.
The hobgoblin is almost dead.
The hobgoblin closely misses you.
You hit the hobgoblin but do no damage.
The hobgoblin is almost dead.
The hobgoblin closely misses you.
You hit the hobgoblin.
You kill the hobgoblin!
You start resting.
You flicker for a moment.
You start resting.
You flicker back into view.
You start resting.
HP restored.
f - a scroll labelled WUGOOJ OSOCWOU A bat comes into view.
You see here a scroll labelled MUNWAU NEJIH.
i - a scroll labelled MUNWAU NEJIH You hit the bat.
You kill the bat!
Found a stone staircase leading down.
A quokka comes into view.
The quokka completely misses you.
You miss the quokka.
The quokka bites you but does no damage.
You barely miss the quokka. The quokka bites you.
You barely miss the quokka. The quokka bites you.
You hit the quokka but do no damage. The quokka bites you.
You closely miss the quokka. The quokka closely misses you.
You hit the quokka but do no damage. The quokka bites you.
* * * LOW HITPOINT WARNING * * *
You miss the quokka. The quokka misses you.
You hit the quokka.
The quokka is moderately wounded.
The quokka bites you.
You die...

## ... ..#.... .....#
#.#.##.# ###########
#.##.# #.#.##.#
#.........# ##.##.##
#.#.##r####.#######.#
#......###......@........#
#.#
#..##...[.....#.####.###.#
#.# #..##.###.....#.
#.###.###.#
...........>.##.#
#..>......#
......#####.....#
####...#### #######
#.##### #...# # #.# #...#
# ##+## ##.## # ##...##
#.#


You could see a quokka.

Vanquished Creatures
  2 goblins (D:1)
  2 hobgoblins (D:1)
  2 ball pythons (D:1)
  3 bats (D:1)
  A frilled lizard (D:1)
  2 rats (D:1)
12 creatures vanquished.

Notes
Turn   | Place    | Note
-------+----------+-------------------------------------------
     0 | D:1      | themarg the Spriggan Enchanter began the quest for the Orb.
     0 | D:1      | Reached XP level 1. HP: 9/9 MP: 5/5
   251 | D:1      | You fall into a shaft and drop 1 floor!
   331 | D:1      | Reached XP level 2. HP: 11/13 MP: 6/6
   380 | D:1      | Found a faded altar of an unknown god.
   690 | D:1      | Slain by a quokka

Illustrated notes

Levels and vault maps discovered:
D:1:      giann_bridges, layout_loops_corners, hellmonk_ecumenical_altar_blasted
D:2:      layout_basic

Skill      XL: |  1 |
---------------+----+-----
Dodging        | 3 |  3.1
Short Blades   | |  1.5
Stealth        | |  4.7
Spellcasting   | |  2.6
Hexes          | |  3.8

Action                   || total
-------------------------++-------
Melee: Dagger            ||    55
       Punch             ||     1
  Use: Potion            ||     2
 Stab: Sleeping          ||     2
Armor: Robe              ||     6
Dodge: Dodged            ||    41
